 Dungeon Crawl Stone Soup version 0.31-a0-152-g6aa68a64a1 (webtiles) character file.

Game seed: 1875447433774386985

6274 qw the Skirmisher (level 10, -4/98 HPs)
             Began as a Naga Hunter on June 10, 2023.
             Was a Believer of Okawaru.
             Slain by a komodo dragon (10 damage)
             ... on level 10 of the Dungeon.
             The game lasted 00:03:09 (9212 turns).

qw the Skirmisher (Naga Hunter)                     Turns: 9212, Time: 00:03:10

Health: -4/98      AC: 11    Str: 19    XL:     10   Next: 94%
Magic:  12/13      EV: 15    Int:  8    God:    Okawaru [**....]
Gold:   168        SH:  0    Dex: 20    Spells: 9/9 levels left

rFire   . . .        Y - +0 orcbow
rCold   + . .        (shield currently unavailable)
rNeg    + . .        g - +0 leather armour {rC+}
rPois   +            j - +1 hat {Will+}
rElec   .            a - +2 ratskin cloak {*Rats rPois rN+ Str-1 Int-1 Dex+1}
rCorr   .            l - +0 pair of gloves
SInv    +            (no barding)
Will    +++..        (no amulet)
Stlth   +++          i - ring of willpower
HPRegen 0.36/turn    d - +6 ring of strength
MPRegen 0.13/turn

%: no passive effects
@: about to teleport, short of breath, heroic, very slow
A: AC +3, large, see invisible, deformed body, poison resistance, slowness 2,
spit poison 1, naga tail 1
a: Spit Poison, Renounce Religion, Heroism


You were on level 10 of the Dungeon.
You worshipped Okawaru.
Okawaru was pleased with you.
You visited 2 branches of the dungeon, and saw 11 of its levels.

You collected 675 gold pieces.
You spent 507 gold pieces at shops.


Innate Abilities, Weirdness & Mutations

Your serpentine skin is tough. (AC +3)
You have supernaturally acute eyesight. (SInv)
Armour fits poorly on your strangely shaped body.
Your system is resistant to poisons. (rPois)
You cover ground very slowly.
You can spit poison.
You have a snake-like lower body.


   Skills:
 - Level 8.6(13.6) Fighting
 + Level 11.9(16.9) Ranged Weapons
 - Level 1.4(6.4) Armour
 - Level 4.0(9.0) Dodging
 - Level 1.5(6.5) Stealth
 - Level 4.0 Invocations


You had 9 spell levels left.
You didn't know any spells.
Your spell library was empty.

Inventory:

Hand Weapons
 c - a +2 sling of flaming
 Y - a +0 orcbow (weapon)
Armour
 a - the +2 ratskin cloak (worn) {*Rats rPois rN+ Str-1 Int-1 Dex+1}
   (You found it on level 5 of the Dungeon)

   *Rats:     When the wearer is hurt, rats may emerge from it to assist them.
   Str:       It affects your strength (-1).
   Int:       It affects your intelligence (-1).
   Dex:       It affects your dexterity (+1).
   rPois:     It protects you from poison.
   rN:        It protects you from negative energy.
 g - a +0 leather armour of cold resistance (worn)
 j - a +1 hat of willpower (worn)
 l - a +0 pair of gloves (worn)
 o - +0 steam dragon scales
Jewellery
 d - a +6 ring of strength (right hand)
 f - a ring of ice
 i - a ring of willpower (left hand)
 p - a ring of positive energy
Scrolls
 m - a scroll of identify
Potions
 b - a potion of might
 e - a potion of haste
 h - 8 potions of curing
 k - a potion of heal wounds

Dungeon Overview and Level Annotations

Branches:
Dungeon (10/15)            Temple (1/1) D:7            Lair (0/5) D:10
    Orc: D:9-12

Altars:
Ashenzari
Cheibriados
Dithmenos
Elyvilon
Fedhas
Gozag
Hepliaklqana
Kikubaaqudgha
Makhleb
Nemelex Xobeh
Okawaru
Qazlal
Ru
Sif Muna
Trog
Uskayaw
Vehumet
Wu Jian
Xom
Yredelemnul
Zin
The Shining One

Shops:
D:3 ?   D:6 ?   D:8 [[[:

Annotations:
D:8 3 runed translucent doors, qw's ghost, novice NaHu


Message History

The vampire mosquito draws strength from your injuries!
The vampire mosquito closely misses you.
The vampire mosquito barely misses you. The vampire mosquito misses you.
You shoot an arrow.
The arrow barely misses the vampire mosquito.
The arrow hits the plant!
The plant is moderately damaged.
A nearby plant withers and dies.
The vampire mosquito bites you but does no damage.
The vampire mosquito barely misses you.
The vampire mosquito bites you but does no damage.
The vampire mosquito bites you.
9210 ||| INVOKING Spit Poison.
Aiming: Spit Poison (1% risk of failure)
Press: ? - help, Shift-Dir - straight line, f - komodo dragon, p - vampire mosquito The splash of poison misses the komodo dragon.
The vampire mosquito barely misses you. The vampire mosquito misses you.
The vampire mosquito closely misses you.
The vampire mosquito bites you!
The vampire mosquito draws strength from your injuries!
The komodo dragon barely misses you. The vampire mosquito misses you.
You shoot an arrow.
The arrow barely misses the vampire mosquito.
The arrow hits the plant.
The plant is moderately damaged.
A nearby plant withers and dies.
The vampire mosquito misses you. The vampire mosquito barely misses you.
The vampire mosquito closely misses you. x2
The komodo dragon bites you!
9212 ||| READING scroll of teleportation.
As you read the scroll of teleportation, it crumbles to dust.
You feel strangely unstable.
The vampire mosquito closely misses you. x2
The vampire mosquito barely misses you. The vampire mosquito bites you.
The vampire mosquito draws strength from your injuries!
The vampire mosquito completely misses you.
The vampire mosquito bites you.
The vampire mosquito draws strength from your injuries!
The komodo dragon bites you!
You die... #.<.....# #)#####.# #PPPPP# #.#####.#### .PPPPPP

##.#.....[...#P.P...P
##......#.####.PP..>.P
..........#.####..P...PP
####........##........PP
#.##...####.#l...PPPP
...#..........@y....PP
....#....#####y#y..PPPP
###.#.#.## #.#....PPP
#.#.#.# #.##....P# #.#.
#.# #...## #. .<. ....#
## ..# ##.# #.. .# #..


You could see a komodo dragon and 3 vampire mosquitoes.

Vanquished Creatures
  Gastronok (D:7)
  A two-headed ogre (D:9)
  Psyche (D:7)
  2 wyverns (D:8)
  Grum (D:8)
  A steam dragon (D:8)
  A vampire mosquito (D:10)
  2 water moccasins (D:7)
  An orc warrior (D:9)
  An ice beast (D:6)
  3 black bears
  3 ogres
  2 wolves (D:8)
  5 centaurs
  A phantom (D:7)
  3 kobold brigands
  2 bullfrogs (D:8)
  A gnoll sergeant (D:7)
  4 scorpions
  12 wights
  4 howler monkeys
  A jelly (D:5)
  3 hounds
  4 orc priests
  A sleepcap (D:4)
  3 orc wizards
  3 iguanas
  12 gnolls
  6 adders
  2 shadow imps
  3 white imps
  A worm (D:4)
  4 dart slugs
  26 orcs
  7 bats
  8 endoplasms
  6 giant cockroaches
  13 goblins
  6 hobgoblins
  14 kobolds
  2 quokkas
  9 ball pythons
  5 frilled lizards
  5 rats
196 creatures vanquished.

Notes
Turn   | Place    | Note
-------+----------+-------------------------------------------
     0 | D:1      | qw the Naga Hunter began the quest for the Orb.
     0 | D:1      | Reached XP level 1. HP: 19/19 MP: 1/1
     0 | D:1      | 0 ||| qw: Version: 0.2-a-29-g0080da8
     0 | D:1      | 0 ||| qw: Game counter: 3830
     0 | D:1      | 0 ||| qw: Always use a shield: true
     0 | D:1      | 0 ||| qw: God list: Okawaru
     0 | D:1      | 0 ||| qw: Allow faded altars: false
     0 | D:1      | 0 ||| qw: Do Orc after D:15 true
     0 | D:1      | 0 ||| qw: Do second Lair branch before Depths: true
     0 | D:1      | 0 ||| qw: Lair rune preference: random
     0 | D:1      | 0 ||| qw: Plans: Normal
     0 | D:1      | 0 ||| PLANNING D:1-11
    19 | D:1      | 19 ||| INVOKING Spit Poison.
    23 | D:1      | 23 ||| INVOKING Spit Poison.
    91 | D:1      | 91 ||| INVOKING Spit Poison.
    97 | D:1      | 97 ||| INVOKING Spit Poison.
   101 | D:1      | 101 ||| INVOKING Spit Poison.
   104 | D:1      | 104 ||| INVOKING Spit Poison.
   105 | D:1      | Reached skill level 4 in Ranged Weapons
   105 | D:1      | Reached XP level 2. HP: 21/26 MP: 2/2
   113 | D:1      | 113 ||| INVOKING Spit Poison.
   141 | D:1      | 141 ||| INVOKING Spit Poison.
   184 | D:1      | 184 ||| INVOKING Spit Poison.
   206 | D:1      | 206 ||| INVOKING Spit Poison.
   222 | D:1      | 222 ||| INVOKING Spit Poison.
   299 | D:1      | 299 ||| INVOKING Spit Poison.
   395 | D:1      | 395 ||| INVOKING Spit Poison.
   414 | D:1      | 414 ||| INVOKING Spit Poison.
   419 | D:1      | 419 ||| INVOKING Spit Poison.
   420 | D:1      | Reached XP level 3. HP: 32/32 MP: 3/3
   427 | D:1      | 427 ||| INVOKING Spit Poison.
   443 | D:1      | 443 ||| INVOKING Spit Poison.
   595 | D:1      | 595 ||| UPGRADING to +6 ring of strength.
   596 | D:1      | 596 ||| READING scroll labelled WEAFAO DOLOI.
   597 | D:1      | 597 ||| READING scroll labelled LUSULL VUBUGACUG.
   598 | D:1      | 598 ||| DROPPING scroll of butterflies.
   654 | D:2      | 654 ||| INVOKING Spit Poison.
   674 | D:2      | 674 ||| INVOKING Spit Poison.
   685 | D:2      | 685 ||| INVOKING Spit Poison.
   696 | D:2      | 696 ||| INVOKING Spit Poison.
   709 | D:2      | 709 ||| INVOKING Spit Poison.
   713 | D:2      | 713 ||| INVOKING Spit Poison.
   714 | D:2      | 714 ||| INVOKING Spit Poison.
   733 | D:2      | 733 ||| INVOKING Spit Poison.
   738 | D:2      | 738 ||| INVOKING Spit Poison.
   752 | D:2      | 752 ||| INVOKING Spit Poison.
   808 | D:2      | 808 ||| INVOKING Spit Poison.
   815 | D:2      | 815 ||| INVOKING Spit Poison.
   819 | D:2      | 819 ||| INVOKING Spit Poison.
   821 | D:2      | Reached skill level 5 in Ranged Weapons
   822 | D:2      | Reached XP level 4. HP: 39/39 MP: 4/4
   904 | D:2      | 904 ||| INVOKING Spit Poison.
   910 | D:2      | 910 ||| INVOKING Spit Poison.
   923 | D:2      | 923 ||| INVOKING Spit Poison.
   924 | D:2      | 924 ||| INVOKING Spit Poison.
  1032 | D:2      | 1032 ||| INVOKING Spit Poison.
  1269 | D:2      | 1269 ||| UPGRADING to +2 cloak.
  1274 | D:2      | 1274 ||| READING scroll labelled COQIAPH ACWOBIMP.
  1304 | D:3      | 1304 ||| INVOKING Spit Poison.
  1305 | D:3      | 1305 ||| INVOKING Spit Poison.
  1454 | D:3      | 1454 ||| INVOKING Spit Poison.
  1460 | D:3      | 1460 ||| INVOKING Spit Poison.
  1462 | D:3      | Reached skill level 3 in Fighting
  1464 | D:3      | Noticed an ogre
  1467 | D:3      | 1467 ||| INVOKING Spit Poison.
  1468 | D:3      | Killed an ogre
  1469 | D:3      | Reached XP level 5. HP: 35/49 MP: 5/5
  1540 | D:3      | 1540 ||| INVOKING Spit Poison.
  1621 | D:3      | 1621 ||| INVOKING Spit Poison.
  1634 | D:3      | Found Zolol Vaargh's Magic Scroll Emporium.
  1640 | D:3      | 1640 ||| BUYING scroll of identify (24 gold).
  1640 | D:3      | Bought a scroll of identify for 24 gold pieces
  1640 | D:3      | 1640 ||| BUYING scroll of identify (24 gold).
  1640 | D:3      | Bought a scroll of identify for 24 gold pieces
  1640 | D:3      | 1640 ||| BUYING scroll of identify (24 gold).
  1640 | D:3      | Bought a scroll of identify for 24 gold pieces
  1640 | D:3      | 1640 ||| BUYING scroll of teleportation (36 gold).
  1640 | D:3      | Bought a scroll of teleportation for 36 gold pieces
  1640 | D:3      | 1640 ||| BUYING scroll of teleportation (36 gold).
  1640 | D:3      | Bought a scroll of teleportation for 36 gold pieces
  1706 | D:3      | 1706 ||| INVOKING Spit Poison.
  1717 | D:3      | 1717 ||| INVOKING Spit Poison.
  1722 | D:3      | 1722 ||| INVOKING Spit Poison.
  1852 | D:3      | 1852 ||| INVOKING Spit Poison.
  2024 | D:3      | 2024 ||| UPGRADING to ring of positive energy.
  2025 | D:3      | 2025 ||| READING scroll labelled LAEDEQI LUMAEMM.
  2026 | D:3      | 2026 ||| READING scroll labelled UMIOMI HAALI.
  2027 | D:3      | 2027 ||| DRINKING 2 cyan potions.
  2028 | D:3      | 2028 ||| READING 5 scrolls of identify.
  2028 | D:3      | 2028 ||| IDENTIFYING fizzy black potion
  2029 | D:3      | 2029 ||| READING 4 scrolls of identify.
  2029 | D:3      | 2029 ||| IDENTIFYING lumpy amethyst potion
  2030 | D:3      | 2030 ||| READING 3 scrolls of identify.
  2030 | D:3      | 2030 ||| IDENTIFYING lumpy brown potion
  2031 | D:3      | 2031 ||| READING 2 scrolls of identify.
  2031 | D:3      | 2031 ||| IDENTIFYING yellow potion
  2032 | D:3      | 2032 ||| DROPPING potion of berserk rage.
  2033 | D:3      | 2033 ||| DROPPING potion of degeneration.
  2034 | D:3      | 2034 ||| DROPPING potion of lignification.
  2035 | D:3      | 2035 ||| DROPPING potion of invisibility.
  2057 | D:4      | Noticed a black bear
  2058 | D:4      | 2058 ||| INVOKING Spit Poison.
  2062 | D:4      | Killed a black bear
  2063 | D:4      | Reached skill level 6 in Ranged Weapons
  2063 | D:4      | Reached XP level 6. HP: 53/56 MP: 6/6
  2111 | D:4      | 2111 ||| INVOKING Spit Poison.
  2437 | D:4      | 2437 ||| READING scroll of brand weapon.
  2437 | D:4      | 2437 ||| BRANDING +0 shortbow of flaming.
  2448 | D:4      | 2448 ||| INVOKING Spit Poison.
  2455 | D:4      | 2455 ||| INVOKING Spit Poison.
  2492 | D:4      | Noticed a black bear
  2493 | D:4      | 2493 ||| INVOKING Spit Poison.
  2496 | D:4      | 2496 ||| INVOKING Spit Poison.
  2501 | D:4      | 2501 ||| INVOKING Spit Poison.
  2504 | D:4      | Killed a black bear
  2505 | D:4      | Reached XP level 7. HP: 27/66 MP: 7/7
  2506 | D:4      | 2506 ||| INVOKING Spit Poison.
  2683 | D:4      | 2683 ||| INVOKING Spit Poison.
  2701 | D:4      | 2701 ||| INVOKING Spit Poison.
  2719 | D:4      | Found a bloodstained altar of Trog.
  2767 | D:4      | 2767 ||| INVOKING Spit Poison.
  2798 | D:4      | 2798 ||| READING 2 scrolls of identify.
  2798 | D:4      | 2798 ||| IDENTIFYING amethyst potion
  2799 | D:4      | 2799 ||| DROPPING potion of attraction.
  2807 | D:5      | Entered Level 5 of the Dungeon
  2892 | D:5      | 2892 ||| INVOKING Spit Poison.
  2923 | D:5      | 2923 ||| INVOKING Spit Poison.
  2926 | D:5      | Reached skill level 7 in Ranged Weapons
  2949 | D:5      | 2949 ||| INVOKING Spit Poison.
  2953 | D:5      | 2953 ||| INVOKING Spit Poison.
  3005 | D:5      | 3005 ||| INVOKING Spit Poison.
  3013 | D:5      | 3013 ||| INVOKING Spit Poison.
  3019 | D:5      | 3019 ||| INVOKING Spit Poison.
  3019 | D:5      | HP: 15/66 [howler monkey (5)]
  3020 | D:5      | 3020 ||| READING 3 scrolls of teleportation.
  3023 | D:5      | 3023 ||| INVOKING Spit Poison.
  3307 | D:5      | 3307 ||| INVOKING Spit Poison.
  3324 | D:5      | 3324 ||| INVOKING Spit Poison.
  3339 | D:5      | 3339 ||| INVOKING Spit Poison.
  3552 | D:5      | 3552 ||| INVOKING Spit Poison.
  3555 | D:5      | 3555 ||| INVOKING Spit Poison.
  3561 | D:5      | 3561 ||| INVOKING Spit Poison.
  3564 | D:5      | Reached XP level 8. HP: 48/73 MP: 8/8
  3566 | D:5      | 3566 ||| INVOKING Spit Poison.
  3568 | D:5      | Reached skill level 8 in Ranged Weapons
  3570 | D:5      | 3570 ||| INVOKING Spit Poison.
  3663 | D:5      | 3663 ||| INVOKING Spit Poison.
  3666 | D:5      | 3666 ||| INVOKING Spit Poison.
  3696 | D:5      | 3696 ||| INVOKING Spit Poison.
  3730 | D:5      | Found the +2 ratskin cloak {*Rats rPois rN+ Str-1 Int-1
                  | Dex+1}
  4017 | D:5      | 4017 ||| UPGRADING to +2 ratskin cloak {*Rats rPois rN+
                  | Str-1 Int-1 Dex+1}.
  4027 | D:5      | 4027 ||| DROPPING +2 cloak.
  4089 | D:6      | 4089 ||| INVOKING Spit Poison.
  4094 | D:6      | 4094 ||| Stepping ~*~*~tactically~*~*~ (outnumbered).
  4096 | D:6      | 4096 ||| INVOKING Spit Poison.
  4123 | D:6      | 4123 ||| INVOKING Spit Poison.
  4126 | D:6      | 4126 ||| Stepping ~*~*~tactically~*~*~ (outnumbered).
  4127 | D:6      | 4127 ||| INVOKING Spit Poison.
  4133 | D:6      | 4133 ||| INVOKING Spit Poison.
  4137 | D:6      | 4137 ||| INVOKING Spit Poison.
  4196 | D:6      | 4196 ||| INVOKING Spit Poison.
  4208 | D:6      | 4208 ||| INVOKING Spit Poison.
  4214 | D:6      | 4214 ||| READING 2 scrolls of identify.
  4214 | D:6      | 4214 ||| IDENTIFYING sapphire potion
  4215 | D:6      | 4215 ||| Stepping ~*~*~tactically~*~*~ (outnumbered).
  4218 | D:6      | 4218 ||| INVOKING Spit Poison.
  4223 | D:6      | 4223 ||| INVOKING Spit Poison.
  4229 | D:6      | 4229 ||| INVOKING Spit Poison.
  4396 | D:6      | 4396 ||| INVOKING Spit Poison.
  4401 | D:6      | 4401 ||| INVOKING Spit Poison.
  4453 | D:6      | 4453 ||| INVOKING Spit Poison.
  4702 | D:6      | 4702 ||| INVOKING Spit Poison.
  4706 | D:6      | Reached skill level 9 in Ranged Weapons
  4767 | D:6      | 4767 ||| SWAPPING to +4 shortbow of freezing.
  4768 | D:6      | 4768 ||| DROPPING +0 shortbow of draining.
  4807 | D:6      | 4807 ||| INVOKING Spit Poison.
  4810 | D:6      | Reached skill level 1 in Armour
  4877 | D:6      | Found Moaleoc's Magic Scroll Shoppe.
  4880 | D:6      | 4880 ||| BUYING scroll of brand weapon (123 gold).
  4880 | D:6      | Bought a scroll of brand weapon for 123 gold pieces
  4880 | D:6      | 4880 ||| BUYING scroll of enchant weapon (97 gold).
  4880 | D:6      | Bought a scroll of enchant weapon for 97 gold pieces
  4880 | D:6      | 4880 ||| BUYING scroll of identify (26 gold).
  4880 | D:6      | Bought a scroll of identify for 26 gold pieces
  4880 | D:6      | 4880 ||| READING scroll of brand weapon.
  4880 | D:6      | 4880 ||| BRANDING +4 shortbow of freezing.
  4881 | D:6      | 4881 ||| READING scroll of enchant weapon.
  4881 | D:6      | 4881 ||| ENCHANTING +4 shortbow of draining.
  5019 | D:6      | 5019 ||| READING scroll labelled EHAURGH NIFUD.
  5020 | D:6      | 5020 ||| READING 3 scrolls of identify.
  5020 | D:6      | 5020 ||| IDENTIFYING fuming blue potion
  5021 | D:6      | 5021 ||| READING 2 scrolls of identify.
  5021 | D:6      | 5021 ||| IDENTIFYING silvery potion
  5022 | D:6      | 5022 ||| DROPPING potion of brilliance.
  5037 | D:7      | 5037 ||| STAIRDANCE
  5042 | D:6      | Reached skill level 3 in Dodging
  5182 | D:7      | 5182 ||| STAIRDANCE
  5191 | D:6      | Reached XP level 9. HP: 37/76 MP: 9/9
  5364 | D:7      | Reached skill level 6 in Fighting
  5571 | D:7      | Found a staircase to the Ecumenical Temple.
  5572 | D:7      | 5572 ||| PLANNING TEMPLE
  5572 | D:7      | 5572 ||| READING scroll labelled DARGHI MUCE FES.
  5578 | Temple   | Entered the Ecumenical Temple
  5689 | Temple   | 5689 ||| PLANNING OKAWARU WORSHIP
  5760 | Temple   | Became a worshipper of Warmaster Okawaru
  5760 | Temple   | 5760 ||| PLANNING D:1-11
  5813 | D:7      | 5813 ||| INVOKING Spit Poison.
  5817 | D:7      | 5817 ||| INVOKING Spit Poison.
  5822 | D:7      | 5822 ||| INVOKING Spit Poison.
  5826 | D:7      | 5826 ||| INVOKING Spit Poison.
  6003 | D:7      | 6003 ||| INVOKING Spit Poison.
  6006 | D:7      | 6006 ||| INVOKING Spit Poison.
  6009 | D:7      | 6009 ||| INVOKING Spit Poison.
  6120 | D:7      | Found a glowing golden altar of the Shining One.
  6300 | D:7      | Found a sparkling altar of Nemelex Xobeh.
  6305 | D:7      | Found a stormy altar of Qazlal.
  6306 | D:7      | Found a shadowy altar of Dithmenos.
  6306 | D:7      | Found a shimmering altar of Xom.
  6306 | D:7      | Found a blossoming altar of Fedhas.
  6309 | D:7      | Found a hide-covered altar of Uskayaw.
  6311 | D:7      | Found a shimmering blue altar of Sif Muna.
  6423 | D:7      | 6423 ||| UPGRADING to ring of willpower.
  6425 | D:7      | 6425 ||| UPGRADING to +6 ring of strength.
  6427 | D:7      | 6427 ||| READING 2 scrolls of identify.
  6427 | D:7      | 6427 ||| IDENTIFYING viscous black potion
  6428 | D:7      | 6428 ||| DROPPING potion of enlightenment.
  6441 | D:8      | Noticed Gastronok
  6443 | D:8      | 6443 ||| INVOKING Spit Poison.
  6446 | D:8      | Noticed Psyche
  6450 | D:8      | Reached skill level 10 in Ranged Weapons
  6451 | D:8      | 6451 ||| INVOKING Spit Poison.
  6453 | D:8      | 6453 ||| STAIRDANCE
  6457 | D:7      | 6457 ||| INVOKING Spit Poison.
  6460 | D:7      | Killed Psyche
  6462 | D:7      | 6462 ||| INVOKING Spit Poison.
  6462 | D:7      | Reached * piety under Okawaru
  6587 | D:8      | 6587 ||| INVOKING Heroism.
  6588 | D:8      | 6588 ||| INVOKING Spit Poison.
  6594 | D:8      | 6594 ||| INVOKING Spit Poison.
  6597 | D:8      | 6597 ||| STAIRDANCE
  6600 | D:7      | 6600 ||| INVOKING Spit Poison.
  6606 | D:7      | HP: 19/86 [Gastronok (4)]
  6607 | D:7      | 6607 ||| READING 2 scrolls of teleportation.
  6608 | D:7      | 6608 ||| INVOKING Spit Poison.
  6612 | D:7      | Killed Gastronok
  6612 | D:7      | Reached ** piety under Okawaru
  6613 | D:7      | Reached skill level 11 in Ranged Weapons
  6613 | D:7      | Reached XP level 10. HP: 23/94 MP: 10/10
  6867 | D:7      | 6867 ||| UPGRADING to +1 hat of willpower.
  6876 | D:8      | 6876 ||| STAIRDANCE
  6879 | D:7      | 6879 ||| INVOKING Heroism.
  7029 | D:8      | 7029 ||| STAIRDANCE
  7122 | D:8      | 7122 ||| INVOKING Spit Poison.
  7124 | D:8      | 7124 ||| STAIRDANCE
  7128 | D:7      | Reached skill level 1 in Invocations
  7156 | D:7      | 7156 ||| SWAPPING to +0 orcbow.
  7157 | D:7      | 7157 ||| DROPPING +5 shortbow of draining.
  7163 | D:8      | 7163 ||| INVOKING Spit Poison.
  7168 | D:8      | 7168 ||| INVOKING Spit Poison.
  7258 | D:8      | Found Maashemn's Armour Shop.
  7260 | D:8      | Found Curygoal's Book Shoppe.
  7260 | D:8      | Found Orgho's Armour Emporium.
  7261 | D:8      | Found Dynlic's Antique Armour Shoppe.
  7268 | D:8      | 7268 ||| BUYING +0 leather armour of cold resistance (117
                  | gold).
  7268 | D:8      | Bought a +0 leather armour of cold resistance for 117 gold
                  | pieces
  7268 | D:8      | 7268 ||| SHOPLISTING +1 leather armour of fire resistance
                  | (182 gold, have 1).
  7268 | D:8      | 7268 ||| SHOPLISTING +3 leather armour of fire resistance
                  | (312 gold, have 1).
  7270 | D:8      | 7270 ||| SHOPLISTING glowing robe (125 gold, have 1).
  7270 | D:8      | 7270 ||| SHOPLISTING runed robe (125 gold, have 1).
  7319 | D:8      | Noticed Grum
  7320 | D:8      | 7320 ||| INVOKING Heroism.
  7322 | D:8      | 7322 ||| INVOKING Spit Poison.
  7325 | D:8      | Killed Grum
  7330 | D:8      | 7330 ||| INVOKING Spit Poison.
  7337 | D:8      | 7337 ||| INVOKING Spit Poison.
  7343 | D:8      | 7343 ||| INVOKING Heroism.
  7344 | D:8      | 7344 ||| INVOKING Spit Poison.
  7548 | D:8      | 7548 ||| INVOKING Spit Poison.
  7581 | D:8      | 7581 ||| INVOKING Spit Poison.
  7585 | D:8      | Reached skill level 3 in Invocations
  7618 | D:8      | 7618 ||| INVOKING Heroism.
  7622 | D:8      | 7622 ||| INVOKING Spit Poison.
  7623 | D:8      | 7623 ||| Stepping ~*~*~tactically~*~*~ (cloud).
  7627 | D:8      | 7627 ||| INVOKING Spit Poison.
  7633 | D:8      | 7633 ||| INVOKING Spit Poison.
  7635 | D:8      | 7635 ||| Stepping ~*~*~tactically~*~*~ (cloud).
  7709 | D:8      | Found a runed translucent gate.
  7709 | D:8      | Found a runed translucent gate.
  7709 | D:8      | Found a runed translucent gate.
  7712 | D:8      | Noticed qw's ghost (novice NaHu)
  7750 | D:8      | 7750 ||| INVOKING Spit Poison.
  7753 | D:8      | 7753 ||| INVOKING Spit Poison.
  7756 | D:8      | 7756 ||| INVOKING Spit Poison.
  7773 | D:8      | Found a basalt altar of Yredelemnul.
  8002 | D:8      | 8002 ||| UPGRADING to +0 leather armour of cold resistance.
  8012 | D:8      | 8012 ||| DROPPING +0 leather armour.
  8013 | D:8      | 8013 ||| UPGRADING to +0 pair of gloves.
  8018 | D:8      | 8018 ||| READING scroll labelled UXOROXT UXKUG.
  8074 | D:9      | 8074 ||| STAIRDANCE
  8077 | D:8      | 8077 ||| INVOKING Heroism.
  8227 | D:9      | 8227 ||| INVOKING Spit Poison.
  8282 | D:9      | 8282 ||| INVOKING Spit Poison.
  8325 | D:9      | Identified the +10 dagger of Irritation {antimagic, rElec
                  | Will++ Str+3 Dex-5}
  8422 | D:9      | Noticed a two-headed ogre
  8423 | D:9      | 8423 ||| INVOKING Heroism.
  8424 | D:9      | 8424 ||| INVOKING Spit Poison.
  8428 | D:9      | 8428 ||| INVOKING Spit Poison.
  8430 | D:9      | Killed a two-headed ogre
  8651 | D:9      | Found a flagged portal.
  8652 | D:9      | 8652 ||| INVOKING Spit Poison.
  8659 | D:9      | 8659 ||| INVOKING Spit Poison.
  8663 | D:9      | 8663 ||| INVOKING Spit Poison.
  8687 | D:9      | 8687 ||| INVOKING Spit Poison.
  8690 | D:9      | 8690 ||| INVOKING Spit Poison.
  8697 | D:9      | 8697 ||| INVOKING Spit Poison.
  8740 | D:9      | Found a broken altar of Ashenzari.
  8870 | D:9      | 8870 ||| INVOKING Heroism.
  8871 | D:9      | 8871 ||| INVOKING Spit Poison.
  8881 | D:9      | 8881 ||| INVOKING Spit Poison.
  9137 | D:9      | 9137 ||| READING 2 scrolls of identify.
  9137 | D:9      | 9137 ||| IDENTIFYING fizzy green potion
  9162 | D:10     | Entered Level 10 of the Dungeon
  9165 | D:10     | 9165 ||| Stepping ~*~*~tactically~*~*~ (outnumbered).
  9167 | D:10     | 9167 ||| INVOKING Spit Poison.
  9168 | D:10     | 9168 ||| Stepping ~*~*~tactically~*~*~ (outnumbered).
  9173 | D:10     | 9173 ||| INVOKING Spit Poison.
  9193 | D:10     | Found a staircase to the Lair.
  9204 | D:10     | 9204 ||| INVOKING Heroism.
  9210 | D:10     | 9210 ||| INVOKING Spit Poison.
  9211 | D:10     | HP: 15/98 [komodo dragon (15)]
  9212 | D:10     | 9212 ||| READING scroll of teleportation.
  9212 | D:10     | HP: 6/98 [vampire mosquito (4)]
  9212 | D:10     | Slain by a komodo dragon

Levels and vault maps discovered:
D:1:      dpeg_arrival_lava_temple_mockup, layout_basic
D:2:      layout_basic
D:3:      layout_loops_ring, serial_shops, shop
D:4:      layout_basic, mainiacjoe_overflow_alcove_1
D:5:      layout_loops_corners, nicolae_eternal_life
D:6:      layout_loops_ring, serial_shops, nicolae_shop_rolled_up
D:7:      layout_rooms, nicolae_tso_carved_into_rock, minitemple,
          temple_fountains, glass_columns_c, patterned_corridor
D:8:      layout_cave_pools, mainiacjoe_overflow_cross_hatched,
          gammafunk_ghost_split, serial_rivers, chequers_serial_rivers_small_3,
          chequers_serial_rivers_micro_d, chequers_serial_rivers_micro_c,
          chequers_serial_rivers_small_3, chequers_serial_rivers_room_a,
          nicolae_wooded_promenade, uniq_gastronok, uniq_grum, uniq_psyche
D:9:      layout_loops_ring, lemuel_doored_altar, enter_bailey_7
D:10:     nzn_winding_woodlands_cross [nzn_winding_woodlands_5x15_zeroes,
          nzn_winding_woodlands_5x15_eye,
          nzn_winding_woodlands_5x15_lazy_stream,
          nzn_winding_woodlands_5x15_garden,
          nzn_winding_woodlands_15x15_boxy_spiral], layout_loops_ring,
          david_lair_shrubbed, zombieorc2_lemuel, uniq_joseph
Temple:   bh_familiar_temple

Skill      XL: |  1  2  3  4  5  6  7  8  9 10 |
---------------+-------------------------------+-----
Ranged Weapons | 4 5 6 7 9 11 | 11.9
Fighting       | 3 4 5 7 8 |  8.6
Dodging        | 2 3 4 |  4.0
Armour         | 1 |  1.4
Invocations    | 4 |  4.0
Stealth        | |  1.5

Action                     |  1- 3 |  4- 6 |  7- 9 | 10-12 || total
---------------------------+-------+-------+-------+-------++-------
   Fire: Shortbow          |    62 |    57 |   243 |     8 ||   370
         Orcbow            |       |       |       |   172 ||   172
 Invoke: Heroism           |       |       |     1 |     8 ||     9
Ability: Spit Poison       |    29 |    21 |    54 |    30 ||   134
    Use: Scroll            |     2 |     8 |    11 |     3 ||    24
         Potion            |       |     1 |       |       ||     1
 Armour: Leather armour    |     3 |    17 |    50 |    36 ||   106
  Dodge: Dodged            |    15 |    17 |    94 |    96 ||   222

Table legend:
 A = Non-vault XP
 B = Vault XP
 C = Vault XP percentage of total XP
 D = Non-vault monster count
 E = Vault monster count
 F = Vault count percentage of total count
                 A         B        C        D         E       F
            +---------+---------+-------+---------+---------+-------
      Total |    6616 |    2348 |  26.2 |     187 |       9 |   4.6
            +---------+---------+-------+---------+---------+-------
        D:1 |      42 |       0 |   0.0 |      23 |       0 |   0.0
        D:2 |      61 |       0 |   0.0 |      23 |       0 |   0.0
        D:3 |     185 |       0 |   0.0 |      16 |       0 |   0.0
        D:4 |     452 |       0 |   0.0 |      19 |       0 |   0.0
        D:5 |     721 |       0 |   0.0 |      22 |       0 |   0.0
        D:6 |     978 |       0 |   0.0 |      26 |       0 |   0.0
        D:7 |    1022 |    1883 |  64.8 |      17 |       2 |  10.5
        D:8 |    1083 |     419 |  27.9 |      17 |       3 |  15.0
        D:9 |    1795 |      46 |   2.5 |      18 |       4 |  18.2
       D:10 |     277 |       0 |   0.0 |       6 |       0 |   0.0
            +---------+---------+-------+---------+---------+-------
